 Dungeon Crawl Stone Soup version 0.28.0-43-g3370ac3207 (webtiles) character file.

Game seed: 7112218545079847320

1962 fleeber the Cleaver (level 9, -8/112 HPs)
             Began as a Minotaur Berserker on Mar 15, 2022.
             Was a Priest of Trog.
             Mangled by a fire dragon (12 damage)
             ... on level 8 of the Dungeon.
             The game lasted 00:32:05 (7575 turns).

fleeber the Cleaver (Minotaur Berserker)            Turns: 7575, Time: 00:32:06

Health: -8/112     AC: 10    Str: 22    XL:     9   Next: 0%
Magic:  8/8        EV: 11    Int:  4    God:    Trog [***...]
Gold:   408        SH:  0    Dex: 14    Spells: 8/8 levels left

rFire   . . .      SeeInvis .   i - +0 war axe
rCold   . . .      Faith    .   (no shield)
rNeg    . . .      Spirit   .   a - +0 scale mail
rPois   .          Reflect  .   (helmet restricted)
rElec   .          Harm     .   w - +0 cloak
rCorr   .          Rampage  .   t - +0 pair of gloves
Will    ++...                   (no boots)
Stlth   ..........              (no amulet)
HPRegen 1.28/turn               (no ring)
MPRegen 0.11/turn               (no ring)

@: berserking (expiring), strong-willed, regenerating, very quick
A: horns 2, retaliatory headbutt
a: Renounce Religion, Berserk, Trog's Hand


You were on level 8 of the Dungeon.
You worshipped Trog.
Trog was most pleased with you.
You visited 1 branch of the dungeon, and saw 8 of its levels.

You collected 408 gold pieces.

Inventory:

Hand Weapons
 h - a +0 hunting sling
 i - a +0 war axe (weapon)
Missiles
 e - 140 stones (quivered)
 g - 6 silver javelins
 x - 7 poisoned darts
Armour
 a - a +0 scale mail (worn)
 t - a +0 pair of gloves (worn)
 w - a +0 cloak (worn)
Jewellery
 v - an amulet of faith
Wands
 z - a wand of flame (22)
Scrolls
 b - a scroll of fear
 d - 2 scrolls of immolation
 f - 7 scrolls of teleportation
 j - 4 scrolls of identify
 m - 3 scrolls of enchant weapon {unknown}
 o - a scroll of fog {unknown}
 p - 2 scrolls of magic mapping {unknown}
 r - a scroll of blinking {unknown}
 y - a scroll of vulnerability {unknown}
Potions
 c - a potion of mutation {unknown}
 k - 2 potions of flight
 l - 2 potions of invisibility {unknown}
 n - 2 potions of magic {unknown}
 q - a potion of attraction {unknown}
 s - a potion of haste {unknown}
 u - a potion of curing {unknown}
 A - a potion of brilliance {unknown}
 B - a potion of lignification {unknown}


   Skills:
 + Level 5.9 Fighting
 * Level 10.6 Axes
 * Level 4.2 Throwing
 + Level 6.0 Armour
 + Level 3.7 Dodging
 + Level 0.7 Stealth


You had 8 spell levels left.
You didn't know any spells.
Your spell library was empty.

Dungeon Overview and Level Annotations

Branches:
Dungeon (8/15)             Temple (0/1) D:4            Lair (0/6) D:8

Altars:
Gozag
Trog
Xom

Annotations:
D:8 Erica


Innate Abilities, Weirdness & Mutations

You have a pair of horns on your head.
You reflexively headbutt those who attack you in melee.


Message History

Increase (S)trength, (I)ntelligence, or (D)exterity?
You feel agile. x2
A water moccasin comes into view.
You slash the fire dragon!
The fire dragon is moderately wounded.
The fire dragon breathes flames at you. The blast of flame misses you.
You slash the fire dragon!
You headbutt the fire dragon, but do no damage.
The fire dragon is moderately wounded.
You hit the fire dragon.
The fire dragon is moderately wounded.
The fire dragon closely misses you. The fire dragon claws you.
The fire dragon tramples you.
You hold your ground!
You hit the fire dragon but do no damage.
Your headbutt misses the fire dragon.
The fire dragon is moderately wounded.
The fire dragon misses you.
The fire dragon claws you but does no damage.
The fire dragon tramples you.
You hold your ground!
Unknown command.
You hit the fire dragon. You headbutt the fire dragon.
The fire dragon is heavily wounded.
You hit the fire dragon but do no damage.
The fire dragon is heavily wounded.
The fire dragon bites you but does no damage.
The fire dragon claws you.
The fire dragon tramples you but does no damage.
You slash the fire dragon! You headbutt the fire dragon!
The fire dragon is severely wounded.
The fire dragon breathes flames at you. The blast of flame hits you!!!
Ouch! That really hurt!
* * * LOW HITPOINT WARNING * * *
You slash the fire dragon! Your punch misses the fire dragon.
The fire dragon is almost dead.
You slash the fire dragon!
The fire dragon is almost dead.
The fire dragon bites you!
You die...

..#.# ## #.#.##
.. #####.... .#
...#.#.##..#
##.#.#<....#
+......#.....#
##.##.## ..#.#
#.##..# .#
#@###.# # #D#
.#
§≈≈≈...S.......
.§≈≈≈..####....
§>D≈§.. #...
≈..≈..# §≈≈≈≈.
≈≈≈≈.. ......


You could see a fire dragon (catching breath) and a water moccasin.

Vanquished Creatures
  Sigmund (D:4)
  Eustachio (D:5)
  A water moccasin (D:7)
  A black bear (D:2)
  2 ice beasts
  A centaur (D:7)
  3 bullfrogs
  A kobold brigand (D:6)
  3 scorpions
  A water moccasin zombie (D:6)
  A wyvern skeleton (D:7)
  2 water moccasin skeletons
  2 howler monkeys (D:7)
  2 jellies
  2 centaur skeletons
  3 hounds (D:4)
  2 hound zombies (D:5)
  4 gnolls (D:7)
  10 adders
  A white imp (D:7)
  2 worms
  6 orcs
  6 ball pythons
  9 endoplasms
  6 giant cockroaches
  11 goblins
  5 hobgoblins
  8 jackals
  5 kobolds
  3 quokkas
  7 bats
  5 frilled lizards
  5 rats
122 creatures vanquished.

Vanquished Creatures (others)
  A centaur zombie (D:7)
  A jelly (D:7)
2 creatures vanquished.

Grand Total: 124 creatures vanquished

Notes
Turn   | Place    | Note
-------+----------+-------------------------------------------
     0 | D:1      | fleeber the Minotaur Berserker began the quest for the Orb.
     0 | D:1      | Reached XP level 1. HP: 19/19 MP: 0/0
    61 | D:1      | Reached skill level 4 in Axes
    65 | D:1      | Reached XP level 2. HP: 24/27 MP: 1/1
   117 | D:1      | Found a faded altar of an unknown god.
   941 | D:2      | Reached XP level 3. HP: 22/33 MP: 2/2
  1336 | D:2      | Noticed a black bear
  1352 | D:2      | Killed a black bear
  1353 | D:2      | Reached skill level 5 in Axes
  1353 | D:2      | Reached skill level 1 in Throwing
  1353 | D:2      | Reached XP level 4. HP: 41/41 MP: 3/3
  1353 | D:2      | Reached XP level 5. HP: 47/47 MP: 4/4
  1932 | D:2      | Reached ** piety under Trog
  2812 | D:3      | Reached skill level 6 in Axes
  3089 | D:4      | Found a bloodstained altar of Trog.
  3215 | D:4      | Reached *** piety under Trog
  3267 | D:4      | Noticed Sigmund
  3274 | D:4      | Reached XP level 6. HP: 48/53 MP: 5/5
  3292 | D:4      | Killed Sigmund
  3293 | D:4      | Reached skill level 7 in Axes
  3455 | D:4      | Found a staircase to the Ecumenical Temple.
  3838 | D:5      | Entered Level 5 of the Dungeon
  3838 | D:5      | Noticed Eustachio
  3888 | D:5      | Noticed an ice beast
  3896 | D:4      | Reached XP level 7. HP: 40/60 MP: 6/6
  3898 | D:4      | Reached skill level 5 in Fighting
  4317 | D:5      | Killed Eustachio
  4318 | D:5      | Reached skill level 8 in Axes
  5075 | D:5      | Found a shimmering altar of Xom.
  5169 | D:6      | Reached XP level 8. HP: 47/68 MP: 7/7
  5393 | D:6      | Found an opulent altar of Gozag.
  5513 | D:6      | Reached skill level 9 in Axes
  5891 | D:6      | Reached skill level 5 in Armour
  6698 | D:7      | Reached skill level 10 in Axes
  6996 | D:7      | You fall into a shaft and drop 1 floor!
  7459 | D:8      | Noticed Erica
  7558 | D:8      | Found a staircase to the Lair.
  7558 | D:8      | Noticed a fire dragon
  7566 | D:8      | Reached XP level 9. HP: 67/75 MP: 8/8
  7573 | D:8      | HP: 2/112 [fire dragon/blast of flame (57)]
  7575 | D:8      | Mangled by a fire dragon

Illustrated notes

Levels and vault maps discovered:
D:1:      saegor_arrival_under_anarchy, layout_basic,
          hellmonk_ecumenical_altar_arch_garden, serial_corexii_hall,
          corexii_hall_statues_i, corexii_hall_statues_deadend
D:2:      layout_loops_cross, minmay_vboxes
D:3:      layout_basic, columned_hall_lemuel
D:4:      layout_basic, mainiacjoe_overflow_small_starburst,
          minmay_temple_entry_statues_pillars, uniq_sigmund
D:5:      layout_rooms, mainiacjoe_overflow_alcove_4, grunt_decor_resistance,
          uniq_eustachio
D:6:      layout_cave_pods, lemuel_tele_altar, grunt_decor_junction,
          nicolae_concentric_dashed_squares_wild
D:7:      layout_rooms, lemuel_flame_loot_1
D:8:      layout_basic, minmay_lair_entry_lava, serial_ice, serial_ice_a,
          serial_ice_m, serial_ice_l, serial_ice_o, uniq_grum, uniq_erica

Skill      XL: |  1  2  3  4  5  6  7  8 |
---------------+-------------------------+-----
Axes           | 4 5 6 7 8 10 | 10.6
Fighting       | 4 5 |  5.9
Throwing       | 1 2 3 4 |  4.2
Dodging        | 3 |  3.7
Armour         | 3 4 6 |  6.0
Stealth        | |  0.7

Action                   |  1- 3 |  4- 6 |  7- 9 || total
-------------------------+-------+-------+-------++-------
Melee: Hand axe          |    60 |    83 |       ||   143
       Headbutt          |     6 |    15 |    31 ||    52
       Punch             |     1 |     1 |     6 ||     8
       War axe           |       |    41 |   154 ||   195
Throw: Stone             |     2 |       |       ||     2
Invok: Berserk           |     2 |       |     4 ||     6
       Trog's Hand       |       |     1 |     2 ||     3
  Use: Scroll            |     1 |       |     4 ||     5
Armor: Animal skin       |     9 |       |       ||     9
       Robe              |     6 |     5 |       ||    11
       Ring mail         |       |    12 |       ||    12
       Leather armour    |       |    10 |       ||    10
       Scale mail        |       |    12 |    66 ||    78
Dodge: Dodged            |    28 |    74 |    77 ||   179
